 Dungeon Crawl Stone Soup version 0.12.3 (webtiles) character file.

308 Antunes the Firebug (level 5, -4/32 HPs)
             Began as a Sludge Elf Fire Elementalist on Nov 14, 2013.
             Was an Initiate of Sif Muna.
             Killed from afar by an orc wizard (12 damage)
             ... with a puff of flame
             ... on Level 4 of the Dungeon.
             The game lasted 01:10:10 (6016 turns).

Antunes the Firebug (Sludge Elf Fire Elementalist)  Turns: 6016, Time: 01:10:11

HP  -4/32        AC  4     Str  9      XL: 5   Next: 31%
MP  11/12        EV 19     Int 17      God: Sif Muna [......]
Gold 159         SH  0     Dex 19      Spells:  3 memorised,  3 levels left

Res.Fire  : . . .   See Invis. : .   a - +0 orc scimitar
Res.Cold  : . . .   Warding    : .   A - +0 elf robe
Life Prot.: . . .   Conserve   : +   (no shield)
Res.Poison: .       Res.Corr.  : .   k - +0 orc helmet
Res.Elec. : .       Clarity    : .   O - +0 elf cloak
Sust.Abil.: . .     Spirit.Shd : .   (no gloves)
Res.Mut.  : .       Stasis     : .   (no boots)
Res.Rott. : .       Ctrl.Telep.: .   f - amulet of conservation
Saprovore : . . .   Flight     : .   (no ring)
                                     (no ring)

@: agile, slightly resistant to hostile enchantments, very stealthy
A: no striking features
a: Renounce Religion


You were on level 4 of the Dungeon.
You worshipped Sif Muna.
Sif Muna was noncommittal.
You were hungry.

You visited 2 branches of the dungeon, and saw 6 of its levels.

You collected 139 gold pieces.

Dungeon Overview and Level Annotations

Branches:
Dungeon (5/27)             Temple (1/1) D:4

Altars:
Elyvilon
Fedhas
Kikubaaqudgha
Nemelex Xobeh
Okawaru
Sif Muna
Vehumet
Xom
Yredelemnul
Zin
the Shining One

Portals:
Ziggurat: D:3 (3780 gp)

Annotations
D:3 Chiseanne's ghost, average TeCK


   Skills:
 * Level 2.0 Fighting
 * Level 1.3 Short Blades
 + Level 2.9 Dodging
 * Level 2.9 Stealth
 * Level 0.2 Stabbing
 * Level 0.8 Traps
 * Level 2.7 Spellcasting
 * Level 1.0 Conjurations
 * Level 3.8 Fire Magic
 * Level 0.2 Evocations


You had 3 spell levels left.
You knew the following spells:

 Your Spells              Type           Power        Failure   Level  Hunger
a - Flame Tongue          Conj/Fire      ###...       10%         1    #......
b - Throw Flame           Conj/Fire      ###....      12%         2    ##.....
c - Conjure Flame         Conj/Fire      ###......    21%         3    ###....

Inventory:

Hand weapons
 a - a +0,+0 orcish scimitar (weapon)
 l - a +0,+0 club
 m - a +0,+0 short sword
 o - a +0,+0 sabre
 p - a +0,+0 dagger
 t - a +0,+0 dagger
 I - a +0,+0 dagger
Missiles
 h - 19 stones (quivered)
 q - 11 darts
 x - 2 throwing nets
 J - 5 darts of flame
Armour
 k - a +0 orcish helmet (worn)
 A - a +0 elven robe (worn)
 O - a +0 elven cloak (worn)
Magical devices
 F - a wand of lightning (4) {unknown}
Comestibles
 c - 2 bread rations
 s - a meat ration
 D - 2 chokos
 K - a pear
Scrolls
 e - 5 scrolls of identify
Jewellery
 f - an amulet of conservation (around neck)
Potions
 C - 4 potions of curing
 G - 2 potions of degeneration {unknown}
Books
 b - a book of Flames

   Spells                             Type                      Level
   *Flame Tongue                      Conjuration/Fire             1
   *Throw Flame                       Conjuration/Fire             2
   *Conjure Flame                     Conjuration/Fire             3
   Inner Flame                        Hexes/Fire                   3
   Sticky Flame                       Conjuration/Fire             4
   Fireball                           Conjuration/Fire             5


Message History

You closely miss it.
You hear some strange, mumbled words.
The puff of flame hits you!
* * * LOW HITPOINT WARNING * * *
Drink which item? (? for menu, Esc to quit)
Okay, then.
Welcome back, Antunes the Sludge Elf Fire Elementalist.
Sif Muna whispers: I know many secrets...
Press ? for a list of commands and other information.
Drink which item? (? for menu, Esc to quit)
You feel more agile all of a sudden.
You hear some strange, mumbled words.
The magic dart hits you!
* * * LOW HITPOINT WARNING * * *
Deactivating autopickup; reactivate with Ctrl-A.
You closely miss it. It barely misses you. It closely misses you.
You miss it.
You hear some strange, mumbled words.
The puff of flame hits you!
You die...

·· ·▒ ▒▒▒····▒········
······▒▒ ▒·············
▒······▒▒▒▒·········▒▒··
▒······▒·▒···{····▒····
▒··▒·················▒
▒▒▒·····_▒·············
▒·▒▒▒··▒···············
▒▒··▒··▒················
▒···▒··e·[··············
▒··▒·····▒··············
▒▒········▒<············
▒······▒·▒▒············
▒········▒··▒··········
▒▒······▒▒·▒············
▒······[▒▒·····▒▒▒·····▒
▒▒··············▒▒····▒▒
▒······▒▒··▒▒···^▒··▒▒▒


There were no monsters in sight!

Action                   |  1- 3 |  4- 6 || total
-------------------------+-------+-------++-------
Melee: Dagger            |    68 |    67 ||   135
       Unarmed           |     7 |       ||     7
       Scimitar          |       |    44 ||    44
 Cast: Flame Tongue      |    68 |    53 ||   121
       Throw Flame       |     2 |     1 ||     3
  Use: Scroll            |     4 |     9 ||    13
       Potion            |     1 |     6 ||     7
 Stab: Sleeping          |       |     2 ||     2

Vanquished Creatures
  A worker ant (D:5)
  6 adders
  2 giant geckos
  An ooze (D:4)
  5 orcs
  2 ball pythons
  A giant cockroach (D:4)
  5 goblins
  14 hobgoblins
  11 bats
  4 giant newts
  7 kobolds
  A quokka (D:4)
  11 rats
71 creatures vanquished.

Vanquished Creatures (others)
  A ball python (D:2)
  A giant newt (D:2)
  2 kobolds (D:3)
  A rat (D:2)
5 creatures vanquished.

Grand Total: 76 creatures vanquished

Notes
Turn   | Place    | Note
--------------------------------------------------------------
     0 | D:1      | Antunes, the Sludge Elf Fire Elementalist, began the quest for the Orb.
     0 | D:1      | Reached XP level 1. HP: 11/11 MP: 3/3
   271 | D:3      | Noticed Chiseanne's ghost (average TeCK)
   690 | D:3      | Found a blossoming altar of Fedhas.
   841 | D:2      | HP: 2/11 [hobgoblin (3)]
   855 | D:2      | Reached XP level 2. HP: 3/17 MP: 3/5
  1266 | D:1      | Learned a level 2 spell: Throw Flame
  1355 | D:2      | Found a blossoming altar of Fedhas.
  2333 | D:1      | Reached XP level 3. HP: 21/21 MP: 7/7
  2336 | D:1      | Reached skill level 1 in Fighting
  2857 | D:2      | Reached skill level 1 in Conjurations
  3064 | D:2      | Reached skill level 2 in Spellcasting
  3064 | D:2      | Reached XP level 4. HP: 27/27 MP: 5/9
  3113 | D:2      | Learned a level 3 spell: Conjure Flame
  3146 | D:3      | Noticed an orc priest
  3744 | D:5      | Entered Level 5 of the Dungeon
  3780 | D:5      | Noticed an ogre
  3844 | D:5      | Noticed an ogre
  4318 | D:5      | Reached skill level 1 in Short Blades
  4509 | D:4      | Found a basalt altar of Yredelemnul.
  4673 | D:4      | Found a staircase to the Ecumenical Temple.
  4674 | D:4      | Noticed an ogre
  4683 | D:4      | Reached XP level 5. HP: 20/32 MP: 4/12
  4808 | D:4      | Found an ancient bone altar of Kikubaaqudgha.
  5090 | D:3      | Found a gateway to a ziggurat.
  5639 | D:4      | Reached skill level 2 in Fighting
  5742 | Temple   | Entered the Ecumenical Temple
  5953 | Temple   | Became a worshipper of Sif Muna the Loreminder
  6016 | D:4      | Killed from afar by an orc wizard

Vault maps used:
D:1:      eino_entry_cavern_a
D:2:      overflow_temple_1_default, first_bread, minmay_lizard_king
D:3:      overflow_temple_1_default, enter_shallow_ziggurat_a, fedhas_altar_1
D:4:      overflow_temple_1_default, overflow_temple_1_default,
          minmay_temple_entry_purple_smoke
D:5:      minmay_misc_feat_plants
Temple:   temple_eino_lava_8
